 Dungeon Crawl Stone Soup version 0.31-a0-816-gd61d57ddb1 (webtiles) character file.

Game seed: 17496418125783841623

47 Essalna the Conjurer (level 3, -4/24 HPs)
             Began as a Demonspawn Conjurer on Sept 22, 2023.
             Slain by Terence
             ... wielding a +0 flail
              (7 damage)
             ... on level 2 of the Dungeon.
             The game lasted 00:01:39 (1201 turns).

Essalna the Conjurer (Demonspawn Conjurer)          Turns: 1201, Time: 00:01:39

Health: -4/24      AC:  2    Str:  7    XL:     3   Next: 48%
Magic:  0/7        EV: 12    Int: 21    God:
Gold:   48         SH:  0    Dex: 11    Spells: 6/7 levels left

rFire   . . .        g - +0 whip
rCold   . . .        (no shield)
rNeg    . . .        a - +0 robe
rPois   .            (no helmet)
rElec   .            (no cloak)
rCorr   .            (no gloves)
SInv    +            (no boots)
Will    .....        (no amulet)
Stlth   ++           i - ring of see invisible
HPRegen 0.24/turn    (no ring)
MPRegen 0.10/turn

%: no passive effects
@: no status effects
A: ignite blood 1
a: no special abilities


You were on level 2 of the Dungeon.
You visited 1 branch of the dungeon, and saw 2 of its levels.

You collected 48 gold pieces.

Inventory:

Hand Weapons
 g - a +0 whip (weapon)
Armour
 a - a +0 robe (worn)
Jewellery
 i - a ring of see invisible (left hand)
Scrolls
 d - 3 scrolls of identify {unknown}
 f - a scroll of poison {unknown}
 h - a scroll of brand weapon {unknown}
Potions
 b - a potion of magic
 c - a potion of curing {unknown}
 e - a potion of heal wounds {unknown}


   Skills:
 - Level 1.7 Dodging
 - Level 1.7 Stealth
 + Level 2.9 Spellcasting
 + Level 4.7 Conjurations


You had 6 spell levels left.
You knew the following spells:

 Your Spells              Type           Power      Damage    Failure   Level
a - Magic Dart            Conj           88%        1d7       1%          1

Your spell library contained the following spells:

 Spells                   Type           Power      Damage    Failure   Level
 Searing Ray              Conj           44%        2d6       3%          2
 Momentum Strike          Conj/Tloc      24%        3d8       8%          2
 Dazzling Flash           Conj/Hex       24%        N/A       16%         3
 Blink                    Tloc           6%         N/A       21%         2
 Lesser Beckoning         Tloc           6%         N/A       21%         2
 Fulminant Prism          Conj/Hex       6%         3d7       45%         4
 Iskenderun's Mystic Bla  Conj/Tloc      12%        2d5       45%         4


Dungeon Overview and Level Annotations

Branches:
Dungeon (2/15)

Altars:

Annotations:
D:2 Terence


Innate Abilities, Weirdness & Mutations

Your demonic aura sometimes causes spilled blood to erupt in flames.


Message History

Press: ? - help, Shift-Dir - straight line, f/p - Terence
Aim: Terence, wielding a +0 flail and wearing a +2 scale mail of cold resistance (severely wounded, 100% to hit)
The magic dart hits Terence.
Terence is almost dead.
Terence closely misses you.
Casting: Magic Dart (safe; 1% risk of failure)
Confirm with . or Enter, or press ? or * to list all spells.
Aiming: Magic Dart (safe; 1% risk of failure)
Press: ? - help, Shift-Dir - straight line, f/p - Terence
Aim: Terence, wielding a +0 flail and wearing a +2 scale mail of cold resistance (almost dead, 100% to hit)
The magic dart hits Terence.
Terence is almost dead.
Terence hits you with a +0 flail.
Casting: Magic Dart (safe; 1% risk of failure)
Confirm with . or Enter, or press ? or * to list all spells.
Aiming: Magic Dart (safe; 1% risk of failure)
Press: ? - help, Shift-Dir - straight line, f/p - Terence
Aim: Terence, wielding a +0 flail and wearing a +2 scale mail of cold resistance (almost dead, 100% to hit)
The magic dart hits Terence but does no damage.
Terence is almost dead.
Terence closely misses you.
Casting: Magic Dart (safe; 1% risk of failure)
Confirm with . or Enter, or press ? or * to list all spells.
You don't have enough magic to cast this spell.
Unknown command.
You barely miss Terence.
Terence is almost dead.
Terence closely misses you.
You barely miss Terence.
Terence is almost dead.
Terence misses you.
You hit Terence but do no damage.
Terence is almost dead.
Terence hits you but does no damage.
You barely miss Terence.
Terence is almost dead.
Terence hits you with a +0 flail!
* * * LOW HITPOINT WARNING * * *
Terence hits you with a +0 flail!
You die...

#........#..#......#
###'####.#..#@.....#
####'##......<........+
#.....#.#.#..##....#.##
#.....#.#.#......###.#
.#.....#...#.......# #
#..........†........#
#...##..#@#.#.......#
≈≈≈≈~≈≈~~#@......†....
≈#≈≈≈≈≈#~..#.#....
#≈###≈#~.........
≈≈#≈.....#...
~≈≈≈~#..### .[
##.#.##..# # # #. ...#
.. ..## .# ###


You could see Terence.

Vanquished Creatures
  A gnoll (D:1)
  An adder (D:2)
  A worm (D:2)
  2 dart slugs (D:1)
  An endoplasm (D:1)
  A giant cockroach (D:1)
  3 goblins (D:1)
  A hobgoblin (D:1)
  3 kobolds (D:1)
  A quokka (D:1)
  3 ball pythons (D:1)
  3 bats
  2 rats (D:1)
23 creatures vanquished.

Notes
Turn   | Place    | Note
-------+----------+-------------------------------------------
     0 | D:1      | Essalna the Demonspawn Conjurer began the quest for the
                  | Orb.
     0 | D:1      | Reached XP level 1. HP: 13/13 MP: 3/3
   228 | D:1      | Gained mutation: Your demonic aura sometimes causes spilled
                  | blood to erupt in flames. [demonic ancestry]
   228 | D:1      | Reached XP level 2. HP: 19/19 MP: 0/5
   774 | D:1      | Reached XP level 3. HP: 24/24 MP: 0/7
  1147 | D:2      | Noticed Terence
  1201 | D:2      | Slain by Terence

Illustrated notes

Levels and vault maps discovered:
D:1:      dpeg_arrival_pond, layout_basic, hangedman_feature_mirror
D:2:      layout_basic, basic_altar, minmay_crystal_water,
          uniq_crazy_yiuf_cottage, uniq_terence, uniq_natasha

Action                     || total
---------------------------++-------
  Melee: Whip              ||     6
   Cast: Magic Dart        ||    61
 Armour: Robe              ||     6
  Dodge: Dodged            ||     8

Table legend: (Time is in decaauts)
 A = Elapsed time spent in this place.
 B = Non-inter-level travel time spent in this place.
 C = Inter-level travel time spent in this place.
 D = Time resting spent in this place.
 E = Time spent auto-exploring this place.
 F = Levels seen in this place.
 G = Mean time per level.
                   A        B        C        D        E       F      G
               +--------+--------+--------+--------+--------+-----+--------+
         Total |   1201 |   1147 |     54 |      0 |   1024 |   2 |  600.5 |
       Dungeon |   1201 |   1147 |     54 |      0 |   1024 |   2 |  600.5 |
               +--------+--------+--------+--------+--------+-----+--------+

Top non-repeatable levels by time:
     D:1: 1042 daAuts
     D:2: 158 daAuts
